 Dungeon Crawl Stone Soup version 0.17.1-3-g152610e (webtiles) character file.

79 Urist the Gusty (level 4, -1/28 HPs)
             Began as a High Elf Air Elementalist on Apr 9, 2016.
             Slain by a goblin (2 damage)
             ... on level 3 of the Dungeon on Apr 12, 2016.
             The game lasted 00:13:53 (3215 turns).

Urist the Gusty (High Elf Air Elementalist)         Turns: 3215, Time: 00:13:53

Health: -1/28      AC:  5    Str: 12      XL:     4   Next: 16%
Magic:  2/9        EV:  8    Int: 20      God:
Gold:   148        SH: 10    Dex: 13 (15) Spells: 1 memorised, 8 levels left

rFire  . . .     SeeInvis .     e - +0 dagger
rCold  . . .     Clarity  .     a - +0 robe
rNeg   . . .     SustAt   .     f - +0 large shield
rPois  .         Gourm    .     h - +0 helmet
rElec  .         Spirit   .     (no cloak)
rCorr  .         Warding  .     (no gloves)
rMut   .         Stasis   .     j - +2 pair of boots
MR     .....                    (no amulet)
Stlth  +.........               (no ring)
                                i - +5 ring of strength

@: contaminated, glowing, not resistant to hostile enchantments, very unstealthy
A: blurry vision 1, deformed body, deterioration 1
a: no special abilities


You were on level 3 of the Dungeon.
You were full.

You visited 1 branch of the dungeon, and saw 3 of its levels.

You collected 148 gold pieces.

Inventory:

Hand Weapons
 e - a +0 dagger (weapon)
Armour
 a - a +0 robe (worn)
 f - a +0 large shield (worn)
 h - a +0 helmet (worn)
 j - a +2 pair of boots (worn)
Jewellery
 c - a cursed -4 ring of strength
 i - a +5 ring of strength (left hand)
Scrolls
 d - a scroll of identify
Books
 b - a book of Air

   Spells                             Type                      Level
   a - Shock                          Conjuration/Air              1
   b - Swiftness                      Charms/Air                   2
   c - Repel Missiles                 Charms/Air                   2
   d - Static Discharge               Conjuration/Air              3
   e - Lightning Bolt                 Conjuration/Air              5


   Skills:
 + Level 1.1 Fighting
 + Level 0.2 Short Blades
 + Level 3.1 Dodging
 + Level 2.8 Stealth
 + Level 3.0 Spellcasting
 + Level 1.1 Conjurations
 + Level 4.4 Air Magic


You had 8 spell levels left.
You knew the following spells:

 Your Spells              Type           Power        Failure   Level  Hunger
a - Shock                 Conj/Air       ##..         93%         1    None


Dungeon Overview and Level Annotations

Branches:
Dungeon (3/15)

Altars:
The Shining One


Innate Abilities, Weirdness & Mutations

Scrolls take you a little longer to read.
Armour fits poorly on your strangely shaped body.
Your body sometimes deteriorates upon taking damage.


Message History

You hit the kobold but do no damage.
The kobold is moderately wounded.
The goblin hits you but does no damage. The kobold hits you with a short sword.
* * * LOW HITPOINT WARNING * * *
You block the goblin's attack.
You hit the kobold but do no damage.
The kobold is moderately wounded.
The kobold hits you with a short sword.
* * * LOW HITPOINT WARNING * * *
Your body deteriorates!
You feel clumsy. You block the goblin's attack. You block the kobold's attack.
You closely miss the kobold.
The kobold is moderately wounded.
The goblin hits you.
* * * LOW HITPOINT WARNING * * *
You block the kobold's attack.
You hit the kobold.
You kill the kobold!
The goblin hits you.
You die...

### #.. #.# # #.#
#. #.# ### .# #.#
...? . #g# .... #
#@# ...# #)######
#.# #.##...# #..
#.##...###########
#..............!.#
###..$......# #.#
+.......>.# #.#
#.........####.#
######..w.......


You could see a goblin.

Vanquished Creatures
  An adder (D:2)
  2 oozes (D:1)
  4 worms (D:2)
  A giant gecko (D:1)
  8 bats
  3 giant cockroaches (D:2)
  2 goblins (D:1)
  7 hobgoblins
  3 jackals
  7 kobolds
  3 giant newts
  7 rats
48 creatures vanquished.

Notes
Turn   | Place    | Note
--------------------------------------------------------------
     0 | D:1      | Urist the High Elf Air Elementalist began the quest for the Orb.
     0 | D:1      | Reached XP level 1. HP: 11/11 MP: 4/4
   392 | D:1      | Reached XP level 2. HP: 3/17 MP: 2/6
  1120 | D:1      | Reached skill level 4 in Air Magic
  1535 | D:1      | Reached XP level 3. HP: 9/21 MP: 8/8
  2193 | D:2      | Reached skill level 1 in Fighting
  2335 | D:2      | Found a glowing golden altar of the Shining One.
  2536 | D:2      | Reached XP level 4. HP: 25/28 MP: 9/9
  2646 | D:3      | Gained mutation: Armour fits poorly on your strangely shaped body. [mutagenic glow]
  2769 | D:2      | Gained mutation: Scrolls take you a little longer to read. [mutagenic glow]
  3179 | D:3      | Gained mutation: Your body sometimes deteriorates upon taking damage. [mutagenic glow]
  3214 | D:3      | HP: 1/28 [goblin (2)]
  3215 | D:3      | Slain by a goblin

Action                   |  1- 3 |  4- 6 || total
-------------------------+-------+-------++-------
Melee: Dagger            |   125 |    79 ||   204
 Cast: Shock             |    37 |     5 ||    42
  Use: Scroll            |     7 |     1 ||     8
       Potion            |     3 |     1 ||     4
 Stab: Sleeping          |     5 |       ||     5
       Distracted        |     1 |       ||     1
  Eat: Bread ration      |     3 |       ||     3
